 Dungeon Crawl Stone Soup version 0.29.1-13-g9f3cf754e1 (webtiles) character file.

Game seed: 5331789171129191605

9 shadowmeld the Insei (level 2, -2/22 HPs)
             Began as a Djinni Transmuter on Jan 28, 2023.
             Slain by a goblin
             ... wielding a +0 club
              (4 damage)
             ... on level 1 of the Dungeon.
             The game lasted 00:01:14 (299 turns).

shadowmeld the Insei (Djinni Transmuter)             Turns: 299, Time: 00:01:15

Health: -2/22      AC:  2    Str:  9    XL:     2   Next: 25%
Gold:   16         EV: 12    Int: 14    God:
                   SH:  0    Dex: 13

rFire   + + .      SeeInvis .     - Unarmed
rCold   x . .      Faith    .   (no shield)
rNeg    . . .      Spirit   .   a - +0 robe
rPois   ∞          Reflect  .   (no helmet)
rElec   .          Harm     .   (no cloak)
rCorr   .          Rampage  .   (no gloves)
Will    .....                   (boots unavailable)
Stlth   +.........              (no amulet)
HPRegen 0.07/turn               (no ring)
MPRegen 0.00/turn               (no ring)

@: flying
A: sickness immunity, fire resistance 2, cold vulnerability 1, float, innate
caster, HP casting, extra vitality 1
a: no special abilities


You were on level 1 of the Dungeon.
You visited 1 branch of the dungeon, and saw 1 of its levels.

You collected 16 gold pieces.

Inventory:

Armour
 a - a +0 robe (worn)
Scrolls
 c - a scroll of teleportation {unknown}
 d - a scroll of magic mapping {unknown}
Potions
 b - a potion of lignification


   Skills:
 * Level 1.1 Fighting
 * Level 0.2 Armour
 * Level 2.3 Dodging
 * Level 3.3 Unarmed Combat
 * Level 1.6 Spellcasting


You couldn't memorise any spells.
You knew the following spells:

 Your Spells              Type           Power      Damage    Failure   Level
a - Beastly Appendage     Tmut           10%        N/A       13%         1
b - Wereblood             Tmut           5%         N/A       19%         2
c - Spider Form           Tmut/Pois      5%         N/A       36%         3
d - Ice Form              Ice/Tmut       5%         N/A       77%         4
Your spell library was empty.

Dungeon Overview and Level Annotations

Branches:
Dungeon (1/15)

Altars:


Innate Abilities, Weirdness & Mutations

You are immune to sickness and miasma.
You are immune to poison.
Your flesh is very heat resistant. (rF++)
You are vulnerable to cold. (rC-)
You float through the air rather than walking.
You learn spells naturally, not from books.
Your magical power is your life essence.
You have superior vitality. (+4 MHP)


Message History

You closely miss the goblin.
The goblin is moderately wounded.
The bat hits you. The goblin hits you with a +0 dagger.
You hit the goblin but do no damage.
The goblin is moderately wounded.
The bat misses you. x2; The goblin hits you with a +0 dagger.
You hit the goblin.
You kill the goblin!
The bat barely misses you.
You hit the bat but do no damage. The bat misses you.
You hit the bat.
You kill the bat!
You see here a +0 dagger.
d - a scroll labelled GOIMIQ DUYXAR
Found a scroll labelled GICOUSS CUKLA.
A quokka and a goblin come into view.
A bat comes into view.
The quokka bites you.
You hit the quokka but do no damage. The quokka bites you. The bat hits you.
The goblin closely misses you. The quokka closely misses you.
You hit the quokka.
The quokka is moderately wounded.
The bat barely misses you. The quokka bites you.
The goblin hits you with a +0 club.
* * * LOW HITPOINT WARNING * * *
The goblin attacks as you move away! The goblin barely misses you.
The bat attacks as you move away! The bat hits you but does no damage.
The bat hits you.
* * * LOW HITPOINT WARNING * * *
The quokka attacks as you move away!
The quokka bites you but does no damage.
The bat barely misses you. The goblin attacks as you move away!
The goblin barely misses you.
The quokka bites you but does no damage.
The quokka attacks as you move away! The quokka bites you.
* * * LOW HITPOINT WARNING * * *
You hit the quokka.
You kill the quokka!
You barely miss the goblin. The goblin hits you with a +0 club.
You die...

#...###.≈.....§§.§........#
#...#...≈§≈≈≈≈≈≈§≈...........
#####....................####
#...)....#.#...>......#
#.†......#............#
#........###b.........#
#........# #..........
#........###..........
#........@gb.........#
#........####..?....##
#........# ####...##
########## ##..# ... ##


You could see a goblin and a bat.

Vanquished Creatures
  2 bats (D:1)
  A goblin (D:1)
  2 hobgoblins (D:1)
  2 quokkas (D:1)
  A rat (D:1)
8 creatures vanquished.

Vanquished Creatures (others)
  A fungus (D:1)
1 creature vanquished.

Grand Total: 9 creatures vanquished

Notes
Turn   | Place    | Note
-------+----------+-------------------------------------------
     0 | D:1      | shadowmeld the Djinni Transmuter began the quest for the
                  | Orb.
     0 | D:1      | shadowmeld set off with the following spells memorised:
                  | Beastly Appendage, Wereblood, Spider Form, Ice Form.
     0 | D:1      | Reached XP level 1. HP: 17/17 MP: 0/0
   238 | D:1      | Reached XP level 2. HP: 22/22 MP: 0/0
   299 | D:1      | Slain by a goblin

Illustrated notes

Levels and vault maps discovered:
D:1:      ebering_trefoil_twist, layout_rooms, shapermc_ecumenical_altar_gd

Action                   || total
-------------------------++-------
Melee: Unarmed           ||    31
Armor: Robe              ||     6
Dodge: Dodged            ||    24
